 Dungeon Crawl Stone Soup version 0.21.0 (webtiles) character file.

1797936 DunwichHorror the Impregnable (level 27, 128/223 HPs)
             Began as a Gnoll Skald on June 13, 2018.
             Was the Champion of Cheibriados.
             Escaped with the Orb
             ... and 3 runes on Oct 17, 2018!
             The game lasted 05:35:40 (68392 turns).

DunwichHorror the Impregnable (Gnoll Skald)        Turns: 68392, Time: 05:35:41

Health: 128/223    AC: 38    Str: 41    XL:     27
Magic:  41/46      EV: 25    Int: 49    God:    Cheibriados [******]
Gold:   4953       SH: 27    Dex: 25    Spells: 2/65 levels left

rFire    + + .     SeeInvis .   w - +9 demon trident (elec)
rCold    + + +     Gourm    .   p - +0 shield
rNeg     + . .     Faith    .   n - +6 gold dragon scales
rPois    +         Spirit   .   u - +2 hat "Reukh" {Int+4 Dex-2}
rElec    +         Reflect  +   T - +0 cloak {MR+}
rCorr    .         Harm     .   t - +0 pair of gloves of Paranoia {rF+ MR+ Str+4 Dex+4}
MR       ++++.                  U - +2 pair of boots
Stlth    +.........             Z - brooch of Shielding {Reflect SH+8}
HPRegen  0.00/turn              d - ring of Petuuwn {Str+3 Int+4 Slay+5}
MPRegen  0.30/turn              W - ring "Suogarch" {rElec rC+ rN+ Str+3 Dex-5}

@: regenerating, studying 2 skills, very slow
A: distributed training, fangs 1, molten scales 1, yellow scales 1, clumsy 1,
cold resistance 1, deformed body, deterioration 2, inhibited regeneration, wild
magic 1, strong nose
0: Orb of Zot
}: 3/15 runes: serpentine, barnacled, silver
a: Bend Time, Temporal Distortion, Slouch, Step From Time, Renounce Religion


You escaped.
You worshipped Cheibriados.
Cheibriados was exalted by your worship.
You were not hungry.

You visited 12 branches of the dungeon, and saw 52 of its levels.
You visited the Abyss 1 time.

You collected 9411 gold pieces.
You spent 4458 gold pieces at shops.

Inventory:

Hand Weapons
 a - a +9 broad axe of draining
 w - a +9 demon trident of electrocution (weapon)
Missiles
 c - 4 javelins of penetration
 i - 29 javelins of returning (quivered)
 O - 6 throwing nets
 S - 9 silver javelins
Armour
 n - +6 gold dragon scales (worn)
 p - a +0 shield (worn)
 t - the +0 pair of gloves of Paranoia (worn) {rF+ MR+ Str+4 Dex+4}
   (You found it on level 4 of the Shoals)

   It affects your strength (+4).
   It affects your dexterity (+4).
   It protects you from fire.
   It affects your resistance to hostile enchantments.
 u - the +2 hat "Reukh" (worn) {Int+4 Dex-2}
   (You bought it in a shop on level 3 of the Vaults)

   It affects your intelligence (+4).
   It affects your dexterity (-2).
 T - a +0 cloak of magic resistance (worn)
 U - a +2 pair of boots (worn)
Jewellery
 d - the ring of Petuuwn (left hand) {Str+3 Int+4 Slay+5}
   (You bought it in a shop on level 2 of the Orcish Mines)

   [ring of intelligence]

   It affects your strength (+3).
   It affects your intelligence (+4).
   It affects your accuracy and damage with ranged weapons and melee attacks
   (+5).
 e - the amulet "Ipashiph" {rElec Regen+ Int-2 Dex-2 SInv}
   (You found it on level 3 of the Depths)

   [amulet of regeneration]

   It affects your intelligence (-2).
   It affects your dexterity (-2).
   It insulates you from electricity.
   It lets you see invisible.
   It increases your rate of regeneration.
 q - the ring "Reutt" {rF+ Str+4}
   (You found it on level 2 of the Depths)

   [ring of protection from fire]

   It affects your strength (+4).
   It protects you from fire.
 D - the ring "Moevaixiu" {-Tele +Fly rElec Int+3}
   (You found it on level 9 of the Dungeon)

   [ring of flight]

   It affects your intelligence (+3).
   It insulates you from electricity.
   It lets you fly.
   It prevents most forms of teleportation.
 W - the ring "Suogarch" (right hand) {rElec rC+ rN+ Str+3 Dex-5}
   (You found it on level 3 of the Elven Halls)

   [ring of strength]

   It affects your strength (+3).
   It affects your dexterity (-5).
   It protects you from cold.
   It insulates you from electricity.
   It protects you from negative energy.
 Z - the brooch of Shielding (around neck) {Reflect SH+8}
   (You found it on level 3 of the Elven Halls)

   [amulet of reflection]

   It shields you and reflects attacks.
   It affects your SH (+8).
Wands
 j - a wand of acid (22)
 v - a wand of digging (62)
 A - a wand of clouds (13)
 V - a wand of iceblast (23)
Scrolls
 m - 4 scrolls of fear
 o - 23 scrolls of teleportation
 r - 19 scrolls of identify
 z - 30 scrolls of remove curse
 B - 6 scrolls of immolation
 E - 11 scrolls of blinking
 F - 10 scrolls of fog
 G - 2 scrolls of silence
 I - 11 scrolls of magic mapping
 P - a scroll of summoning
Potions
 b - 5 potions of mutation
 g - a potion of agility
 h - a potion of might
 l - 12 potions of curing
 s - 6 potions of flight
 x - 2 potions of cancellation
 C - 2 potions of resistance
 M - 12 potions of heal wounds
 Q - 8 potions of brilliance
 X - 4 potions of magic
Books
 k - a manual of Axes
 N - a manual of Armour
Miscellaneous
 H - 5 phantom mirrors
 J - 5 sacks of spiders
 L - a fan of gales
Comestibles
 f - 67 rations


   Skills:
 + Level 19.7 Fighting
 + Level 19.3 Short Blades
 + Level 19.3 Long Blades
 + Level 22.3 Axes
 + Level 19.3 Maces & Flails
 + Level 19.7 Polearms
 + Level 19.3 Staves
 + Level 19.3 Slings
 + Level 19.3 Bows
 + Level 19.3 Crossbows
 + Level 19.3 Throwing
 + Level 22.4 Armour
 + Level 19.7 Dodging
 + Level 19.3 Stealth
 + Level 19.3 Shields
 + Level 19.3 Unarmed Combat
 + Level 19.8 Spellcasting
 + Level 16.7 Conjurations
 + Level 16.7 Hexes
 + Level 17.4 Charms
 + Level 16.7 Summonings
 + Level 16.7 Necromancy
 + Level 16.7 Translocations
 + Level 16.7 Transmutations
 + Level 16.7 Fire Magic
 + Level 16.7 Ice Magic
 + Level 16.7 Air Magic
 + Level 16.7 Earth Magic
 + Level 16.7 Poison Magic
 + Level 20.8 Invocations
 + Level 19.3 Evocations


You had 2 spell levels left.
You knew the following spells:

 Your Spells              Type           Power        Failure   Level  Hunger
a - Apportation           Tloc           ######       1%          1    None
b - Song of Slaying       Chrm           ########     1%          2    None
c - Shroud of Golubria    Chrm/Tloc      ########..   1%          2    None
d - Regeneration          Chrm/Necr      ########..   1%          3    None
e - Spectral Weapon       Hex/Chrm       ########     1%          3    None
f - Sticky Flame          Conj/Fire      ########     1%          4    None
g - Confuse               Hex            ########     1%          3    None
h - Corona                Hex            #######      1%          1    None
i - Tukima's Dance        Hex            ########     1%          3    None
j - Ring of Flames        Chrm/Fire      ########..   2%          7    None
k - Blink                 Tloc           N/A          1%          2    None
l - Passage of Golubria   Tloc           N/A          1%          4    None
m - Mephitic Cloud        Conj/Pois/Air  ########     1%          3    None
n - Deflect Missiles      Chrm/Air       ########..   1%          6    None
o - Summon Mana Viper     Hex/Summ       ########     1%          5    None
p - Corpse Rot            Necr           N/A          1%          2    None
q - Haunt                 Necr/Summ      ########..   2%          7    None
r - Summon Lightning Spi  Summ/Air       ########     1%          4    None
s - Summon Butterflies    Summ           ########     1%          1    None


Dungeon Overview and Level Annotations

Branches:
Dungeon (15/15)            Temple (1/1) D:5            Lair (6/6) D:9
 Shoals (4/4) Lair:2        Snake (4/4) Lair:3        Slime (0/5) Lair:6
    Orc (2/2) D:9             Elf (3/3) Orc:2        Vaults (5/5) D:13
  Crypt (1/3) Vaults:3     Depths (5/5) D:15           Hell (1/1)
    Dis (0/7) Hell            Geh (0/7) Hell            Coc (0/7) Hell
    Tar (0/7) Hell            Zot (5/5) Depths:5

Altars:
Ashenzari
Cheibriados
Fedhas
Nemelex Xobeh
Okawaru
Ru
Vehumet
Xom
The Shining One
Beogh

Shops:
D:15 *   Orc:2 }}=?   Elf:2 !   Shoals:1 =   Vaults:2 :   Vaults:3 [
Depths:3 %!:!   Depths:4 :?:}   Depths:5 ?

Portals:
Hell: Depths:1 Depths:2 Depths:3 Depths:4 Depths:5
Abyss: Depths:1 Depths:4 Depths:5
Pandemonium: Depths:3 Depths:4 Depths:5
Ziggurat: Depths:3


Innate Abilities, Weirdness & Mutations

Your experience applies equally to all skills.
You have very sharp teeth.
Your uncanny sense of smell can sniff out nearby items.
You are partially covered in molten scales. (AC +2)
You are partially covered in yellow scales. (AC +2)
You are clumsy. (Dex -2)
Your flesh is cold resistant. (rC+)
Armour fits poorly on your strangely shaped body.
Your body often deteriorates upon taking damage.
You do not regenerate when monsters are visible.
Your spells are a little harder to cast, but a little more powerful.


Message History

(D) Dungeon (T) Temple (L) Lair (A) Shoals (P) Snake Pit (M) Slime Pits (O) Orcish Mines (E) Elven Halls (V) Vaults (C) Crypt (U) Depths (H) Hell (I) Dis (G) Gehenna (X) Cocytus (Y) Tartarus (Z) Zot
Where to? (Enter - D:1 @ (x,y), ? - help)
Okay, then.
Unknown command.
Unknown command.
Casting: Summon Lightning Spire
Confirm with . or Enter, or press ? or * to list all spells.
Your skin crawls.
There is a dry fountain here.
A red devil comes into view. It is wielding a trident.
There is an open door here.
Apeih comes into view.
There is a staircase leading out of the dungeon here.
Okay, then.
Unknown command.
You have escaped!

## .## ..# #.##
#..# ##.##
##..##############
.P#.##..#.....#(@#
♣...##..###'###..#
PPP.##..'.....'..#
♣♣♣.#####..#..####
PP♣.##....###&...#
..P.##.....#.....#
....##.#.⌠.#.⌠.#.#
######.#....4..#.#
.# #.###...###.#


You could see Apeih.

Vanquished Creatures
  5 pandemonium lords
  8 orbs of fire (Zot:5)
  7 ancient liches
  Mara (Vaults:3)
  A juggernaut (Depths:3)
  The ghost of benacre the Slayer, a veteran HOFi of Beogh (Elf:3)
  Sojobo (Depths:3)
  Frederick (Vaults:4)
  Bai Suzhen (Vaults:2)
  7 caustic shrikes
  Geryon (Hell)
  2 Killer Klowns (Zot:5)
  Nikola (Snake:3)
  Xtahua (Vaults:3)
  Saint Roka (Vaults:3)
  10 golden dragons
  A Tzitzimitl (D:13)
  5 electric golems
  Rupert (D:12)
  16 tentacled monstrosities
  24 Orb Guardians
  2 Ice Fiends
  Asterion (Depths:1)
  10 liches
  3 quicksilver dragons
  10 titans
  2 deep elf master archers (Elf:3)
  The ghost of Woots the Peltast, an adept TeAE of Okawaru (Vaults:1)
  2 deep elf blademasters (Elf:3)
  A kraken (Shoals:4)
  4 sphinxes
  5 death cobs
  A tentacled starspawn (Abyss:2)
  Frances (Elf:1)
  2 ancient champions (Crypt:1)
  16 storm dragons
  8 shadow dragons
  Roxanne (Shoals:2)
  Donald (Shoals:1)
  6 draconian monks
  11 fire giants
  6 nagarajas
  A revenant (Hell)
  12 tengu reavers
  2 iron dragons (Depths:4)
  An orc warlord (Orc:1)
  7 deep elf sorcerers
  Aizul (Snake:3)
  10 frost giants
  An azure jelly (shapeshifter) (Depths:2)
  7 draconian scorchers
  8 draconian knights
  2 balrugs (Hell)
  4 ghost moths
  A warmonger (D:9)
  A curse skull (Crypt:1)
  3 reapers
  10 deep elf elementalists
  6 draconian stormcallers
  11 vault wardens
  2 spriggan defenders
  A ghoul (Crypt:1)
  Louise (Elf:1)
  5 draconian shifters
  3 draconian annihilators
  12 ironheart preservers
  16 very ugly things
  2 entropy weavers
  11 war gargoyles
  16 stone giants
  10 vampire knights
  10 green draconians
  11 black draconians
  7 deep elf demonologists
  18 yellow draconians
  17 red draconians
  8 deep elf annihilators
  A lorocyproca (Depths:3)
  9 spark wasps
  9 purple draconians
  A spark wasp (shapeshifter) (Depths:2)
  14 white draconians
  8 crystal guardians (Depths:2)
  2 ettins (shapeshifter)
  4 eidola
  13 ettins
  4 merfolk javelineers (Shoals:4)
  2 blizzard demons
  12 deep elf death magi
  A green death (D:7)
  8 jiangshi (Crypt:1)
  7 merfolk impalers
  14 yaktaur captains
  5 deep elf high priests
  5 fire dragons
  The ghost of Zerd the Eclecticist, a journeyman DECj (Orc:2)
  17 naga warriors
  7 great orbs of eyes
  An ice dragon (shapeshifter) (Depths:2)
  2 rakshasas
  10 ice dragons
  2 centaur warriors
  2 monstrous demonspawn
  36 vault guards
  5 hydras
  5 spriggan air magi
  2 catoblepae
  A merfolk avatar (Shoals:4)
  5 merfolk aquamancers
  An alligator snapping turtle (shapeshifter) (Depths:2)
  26 two-headed ogres
  20 anacondas
  2 death yaks
  A death yak (shapeshifter) (Vaults:1)
  A satyr (Shoals:3)
  7 death knights
  8 ogre magi
  38 dancing weapons
  An alligator (Lair:6)
  2 orc high priests
  11 hell hogs
  8 deep troll earth magi
  Urug (Lair:3)
  8 tengu warriors
  5 vampire magi
  12 deep troll shamans
  A shock serpent (shapeshifter) (Depths:2)
  7 shock serpents
  21 naga sharpshooters
  2 thrashing horrors (Abyss:2)
  Sonja (D:13)
  6 sun demons
  A titan zombie (Crypt:1)
  A storm dragon zombie (Hell)
  6 soul eaters
  A fire crab (shapeshifter) (Depths:2)
  2 sixfirhies (D:1)
  15 skeletal warriors
  2 iron trolls
  7 salamander mystics
  22 deep elf knights
  25 hell knights
  A fire crab (Lair:2)
  6 glowing orange brains
  24 deep trolls
  8 sea snakes
  2 unseen horrors
  A gelid demonspawn (D:9)
  3 obsidian statues (Depths:2)
  6 flayed ghosts
  8 wizards
  5 naga ritualists
  An orange crystal statue (Depths:2)
  18 harpies
  An anaconda skeleton (Hell)
  An infernal demonspawn (Depths:4)
  A shadow dragon zombie (Hell)
  10 deep elf archers
  A shadow demon (D:12)
  41 deep elf magi
  9 necromancers
  10 lindwurms
  17 phantasmal warriors
  12 ironbrand convokers
  A lindwurm (shapeshifter) (Vaults:4)
  8 orc knights
  A wolf spider (shapeshifter) (Depths:2)
  Pikel (D:9)
  3 wolf spiders
  14 mana vipers
  79 ugly things
  11 salamanders
  6 orc sorcerers
  13 cyclopes
  A fire giant zombie (Hell)
  2 salamanders (shapeshifter)
  A sphinx skeleton (Vaults:1)
  5 fauns
  A frost giant skeleton (Hell)
  A centaur zombie (D:13)
  2 moths of wrath (shapeshifter)
  2 guardian serpents (shapeshifter)
  32 black mambas
  22 moths of wrath
  21 naga magi
  11 merfolk sirens
  12 manticores
  2 eyes of devastation (shapeshifter) (Depths:2)
  Psyche (D:12)
  An ice statue (Hell)
  A rust devil (Hell)
  10 elephants
  4 molten gargoyles (Depths:2)
  4 guardian serpents
  A torpor snail (shapeshifter) (Vaults:5)
  4 orange demons
  4 gargoyles
  A storm dragon simulacrum (Vaults:3)
  9 spiny frogs
  16 vault sentinels
  6 torpor snails
  4 water nymphs
  3 smoke demons
  A spiny frog (shapeshifter) (Vaults:3)
  25 yaktaurs
  A catoblepas zombie (Crypt:1)
  4 centaur skeletons
  A hellion (Depths:4)
  3 rime drakes
  2 yaktaurs (shapeshifter)
  2 demonic crawlers (Hell)
  An efreet (D:14)
  7 freezing wraiths
  A tengu conjurer (D:14)
  11 komodo dragons
  2 ice devils
  A tormentor (D:1)
  An ancient zyme (Abyss:2)
  A redback zombie (D:12)
  A troll (shapeshifter) (Vaults:5)
  4 hydra zombies (Hell)
  7 red devils
  9 wind drakes
  A harpy zombie (D:15)
  13 polar bears
  9 trolls
  3 tyrant leeches (Lair:6)
  2 tyrant leeches (shapeshifter)
  A hippogriff (shapeshifter) (Depths:5)
  A hydra skeleton (Hell)
  A wind drake (shapeshifter) (D:13)
  24 merfolk
  A jumping spider (shapeshifter) (Elf:2)
  7 hornets
  18 blink frogs
  19 slime creatures
  7 raiju
  16 snapping turtles
  2 alligator zombies (Hell)
  18 dream sheep
  7 small abominations
  7 hippogriffs
  An iron dragon simulacrum (Hell)
  A raiju (shapeshifter) (Vaults:4)
  A slime creature (shapeshifter) (D:15)
  An alligator skeleton (Crypt:1)
  A redback (shapeshifter) (Vaults:5)
  A redback (Vaults:4)
  A centaur simulacrum (D:15)
  15 air elementals
  6 wraiths
  A fire dragon skeleton (Hell)
  A spriggan (D:8)
  25 water elementals
  35 yaks
  2 humans (D:11)
  6 shadows
  3 wyverns
  2 chaos spawn
  12 fire elementals
  3 large abominations
  A hog (Snake:3)
  5 basilisks
  A steam dragon (D:3)
  3 neqoxecs
  Menkaure (D:7)
  A hungry ghost (D:13)
  41 nagas
  3 insubstantial wisps (Depths:2)
  Edmund (D:6)
  10 wargs
  5 acid dragons
  5 soldier ants
  14 hell hounds
  6 water moccasins
  9 porcupines
  39 orc warriors
  An ettin simulacrum (Hell)
  4 ice beasts
  6 sky beasts
  3 black bears (shapeshifter)
  13 black bears
  An eye of draining (shapeshifter) (D:15)
  3 necrophages
  29 ogres
  2 spiny frog skeletons (Hell)
  An eye of draining (Abyss:2)
  24 wolves
  12 boggarts
  22 centaurs
  2 human skeletons
  10 crocodiles
  A blink frog skeleton (Crypt:1)
  3 big kobolds
  3 human zombies
  10 earth elementals
  13 bullfrogs
  A glowing shapeshifter simulacrum (Vaults:2)
  A wyvern zombie (D:15)
  A spiny frog simulacrum (Hell)
  A wyvern skeleton (D:11)
  6 scorpions
  A scorpion (shapeshifter) (Depths:5)
  A spriggan zombie (Crypt:1)
  2 human simulacra
  16 killer bees
  13 wights
  An elf simulacrum (Vaults:2)
  7 howler monkeys
  A bullfrog zombie (D:12)
  An electric eel (Lair:1)
  5 crimson imps
  4 quasits
  27 orc priests
  8 hounds
  A gnoll shaman (D:7)
  7 jellies
  3 bullfrog skeletons
  16 worker ants
  6 iguanas
  46 orc wizards
  A hound zombie (D:11)
  5 hound skeletons
  9 gnolls
  2 howler monkey skeletons
  15 adders
  4 shadow imps
  A white imp (Depths:4)
  3 ufetubi
  An ooze (D:2)
  An adder zombie (D:7)
  An adder skeleton (D:2)
  4 ball lightnings (Depths:2)
  2 dart slugs
  9 leopard geckos
  87 orcs
  A bat skeleton (Crypt:1)
  9 giant cockroaches
  5 goblins
  6 hobgoblins
  19 jackals
  12 quokkas
  4 ball pythons
  10 bats
  4 frilled lizards
  A hobgoblin skeleton (Crypt:1)
  23 kobolds
  A quokka skeleton (D:7)
  2 quokka zombies
  13 rats
  5 crawling corpses
  2 plants (Shoals:3)
  2 spectral weapons
  3 tentacles (Shoals:4)
2533 creatures vanquished.

Vanquished Creatures (collateral kills)
  2 orbs of fire (Zot:5)
  A golden dragon (Zot:2)
  Jory (Crypt:1)
  2 electric golems
  5 Orb Guardians (Zot:5)
  A deep elf blademaster (Elf:2)
  An Ice Fiend (Depths:2)
  A quicksilver dragon (Zot:5)
  A titan (Vaults:5)
  A lich (Vaults:5)
  3 tentacled monstrosities
  Kirke (Snake:3)
  Polyphemus (Shoals:3)
  A storm dragon (Zot:4)
  3 shadow dragons
  2 nagarajas (Snake:4)
  3 draconian knights
  An orc warlord (D:14)
  2 draconian scorchers
  A vault warden (Vaults:2)
  A draconian shifter (Zot:3)
  3 draconian stormcallers
  A draconian annihilator (Zot:2)
  2 stone giants
  3 very ugly things
  2 ironheart preservers (Vaults:3)
  A deep elf demonologist (Vaults:4)
  4 black draconians
  2 red draconians
  A spark wasp (Depths:5)
  4 green draconians
  3 purple draconians
  A white draconian (Zot:2)
  2 yellow draconians (Zot:2)
  An ettin (Vaults:5)
  A green death (Depths:2)
  An ogre mage (Vaults:2)
  A yaktaur captain (Depths:4)
  2 merfolk impalers
  A vault guard (Vaults:4)
  A great orb of eyes (Depths:4)
  A naga warrior (Snake:2)
  4 anacondas (Snake:4)
  A spriggan air mage (Depths:4)
  4 two-headed ogres
  A catoblepas (Shoals:3)
  A centaur warrior (Vaults:1)
  A merfolk aquamancer (Shoals:4)
  A deep troll earth mage (Vaults:1)
  A deep troll shaman (Vaults:4)
  3 naga sharpshooters
  A shock serpent (Snake:2)
  A deep elf knight (Vaults:4)
  A skeletal warrior (Crypt:1)
  2 deep trolls (Depths:3)
  An unseen horror (Vaults:1)
  An ironbrand convoker (Vaults:2)
  3 deep elf magi
  2 mana vipers (Snake:4)
  4 ugly things
  A harpy (Shoals:4)
  2 fauns (Shoals:2)
  A moth of wrath (Zot:4)
  2 water nymphs
  A manticore (Shoals:2)
  An elephant (Lair:5)
  A merfolk siren (Shoals:4)
  A black mamba (Snake:2)
  3 guardian serpents (Snake:4)
  A vault sentinel (Vaults:1)
  2 naga magi (Snake:4)
  A spiny frog (Lair:5)
  2 hellions (Hell)
  An efreet (D:15)
  A rime drake (Lair:6)
  2 yaktaurs
  2 trolls
  4 merfolk
  A wind drake (shapeshifter) (Depths:4)
  A hornet (Lair:6)
  A polar bear (Lair:6)
  A blink frog (Lair:5)
  4 slime creatures
  4 dream sheep (Lair:6)
  2 snapping turtles (Shoals:4)
  3 shadows
  2 water elementals (Shoals:4)
  3 yaks
  2 hogs (Snake:3)
  A chaos spawn (Depths:5)
  A fire elemental (Elf:2)
  A hog (shapeshifter) (Vaults:1)
  A basilisk (Lair:6)
  A golden eye (shapeshifter) (Elf:2)
  Grum (D:10)
  A human simulacrum (Vaults:1)
  2 nagas
  A water moccasin (Lair:6)
  5 hell hounds (Lair:6)
  An orc warrior (Vaults:3)
  A black bear (Lair:6)
  2 ogres
  2 wolves (Lair:6)
  4 centaurs
  2 killer bees
  An electric eel (D:14)
  A centaur skeleton (D:11)
  3 orc priests (Orc:2)
  A jelly (Lair:6)
  An ufetubus (Depths:4)
  7 orcs
  A bush (Shoals:1)
  3 fungi (Lair:6)
  4 plants
  A tentacle (Shoals:4)
209 creatures vanquished.

Vanquished Creatures (others)
  Vashnia (Snake:3)
  A storm dragon (Zot:3)
  A tengu reaver (Vaults:5)
  A stone giant (Vaults:3)
  4 yaktaur captains
  A centaur warrior (Depths:3)
  A satyr (Shoals:3)
  2 deep elf archers
  An ironbrand convoker (Vaults:4)
  A faun (Shoals:3)
  3 cyclopes
  A smoke demon (Hell)
  10 yaktaurs
  A red devil (Hell)
  A merfolk (Shoals:1)
  A naga (Snake:4)
  2 hell hounds (Hell)
  A floating eye (Depths:5)
  An orc warrior (Vaults:1)
  2 slaves (D:9)
  A black bear (D:9)
  2 boggarts
  A centaur (D:15)
  A bullfrog (D:9)
  An earth elemental (Depths:2)
  A small abomination (Depths:2)
  A killer bee (shapeshifter) (Depths:5)
  5 ball lightnings (Depths:2)
  4 orcs
  15 fungi
  30 plants
  39 spectral weapons
  2 starspawn tentacles (Abyss:2)
140 creatures vanquished.

Grand Total: 2882 creatures vanquished

Notes
Turn   | Place    | Note
-------+----------+-------------------------------------------
     0 | D:1      | DunwichHorror the Gnoll Skald began the quest for the Orb.
     0 | D:1      | Reached XP level 1. HP: 20/20 MP: 6/6
   190 | D:1      | Reached XP level 2. HP: 26/26 MP: 4/7
   253 | D:1      | Learned a level 2 spell: Song of Slaying
   256 | D:1      | Learned a level 2 spell: Shroud of Golubria
   571 | D:1      | Reached XP level 3. HP: 29/31 MP: 6/9
   749 | D:1      | Reached skill level 5 in Spellcasting
  1350 | D:2      | Reached skill level 1 in Invocations
  1722 | D:2      | Reached skill level 1 in Short Blades
  1722 | D:2      | Reached skill level 1 in Long Blades
  1722 | D:2      | Reached skill level 1 in Axes
  1722 | D:2      | Reached skill level 1 in Maces & Flails
  1722 | D:2      | Reached skill level 1 in Staves
  1722 | D:2      | Reached skill level 1 in Slings
  1722 | D:2      | Reached skill level 1 in Bows
  1722 | D:2      | Reached skill level 1 in Crossbows
  1722 | D:2      | Reached skill level 1 in Throwing
  1722 | D:2      | Reached skill level 1 in Stealth
  1722 | D:2      | Reached skill level 1 in Shields
  1722 | D:2      | Reached skill level 1 in Unarmed Combat
  1722 | D:2      | Reached skill level 1 in Evocations
  1733 | D:2      | Learned a level 3 spell: Regeneration
  1737 | D:2      | Learned a level 3 spell: Spectral Weapon
  1807 | D:2      | Reached XP level 4. HP: 37/38 MP: 11/11
  1988 | D:2      | Reached skill level 1 in Conjurations
  1988 | D:2      | Reached skill level 1 in Hexes
  1988 | D:2      | Reached skill level 1 in Summonings
  1988 | D:2      | Reached skill level 1 in Necromancy
  1988 | D:2      | Reached skill level 1 in Translocations
  1988 | D:2      | Reached skill level 1 in Transmutations
  1988 | D:2      | Reached skill level 1 in Fire Magic
  1988 | D:2      | Reached skill level 1 in Ice Magic
  1988 | D:2      | Reached skill level 1 in Air Magic
  1988 | D:2      | Reached skill level 1 in Earth Magic
  1988 | D:2      | Reached skill level 1 in Poison Magic
  2347 | D:2      | Reached XP level 5. HP: 32/43 MP: 12/12
  2607 | D:3      | Noticed a steam dragon
  2615 | D:3      | Killed a steam dragon
  2615 | D:3      | Reached XP level 6. HP: 18/50 MP: 7/13
  3117 | D:3      | Reached skill level 5 in Fighting
  3117 | D:3      | Reached skill level 5 in Polearms
  3117 | D:3      | Reached skill level 5 in Dodging
  3645 | D:4      | Reached XP level 7. HP: 55/56 MP: 12/15
  4723 | D:5      | Entered Level 5 of the Dungeon
  4779 | D:5      | Found a staircase to the Ecumenical Temple.
  4796 | Temple   | Entered the Ecumenical Temple
  4803 | Temple   | Became a worshipper of Cheibriados the Contemplative
  4997 | D:5      | Reached XP level 8. HP: 58/63 MP: 12/16
  5021 | D:5      | Learned a level 2 spell: Ensorcelled Hibernation
  5480 | D:6      | Reached * piety under Cheibriados
  5491 | D:6      | Learned a level 3 spell: Confuse
  5709 | D:6      | Noticed Edmund
  5943 | D:6      | Killed Edmund
  6210 | D:6      | Reached XP level 9. HP: 69/69 MP: 13/18
  6813 | D:7      | Identified a scroll of acquirement
  6927 | D:7      | Noticed Menkaure
  6929 | D:7      | Reached ** piety under Cheibriados
  6937 | D:7      | Killed Menkaure
  7230 | D:7      | Reached skill level 5 in Armour
  7751 | D:7      | Reached *** piety under Cheibriados
  8030 | D:8      | Reached skill level 5 in Invocations
  8601 | D:8      | Reached XP level 10. HP: 70/77 MP: 20/20
  8827 | D:9      | Reached **** piety under Cheibriados
  8855 | D:9      | Reached skill level 5 in Short Blades
  8855 | D:9      | Reached skill level 5 in Long Blades
  8855 | D:9      | Reached skill level 5 in Axes
  8855 | D:9      | Reached skill level 5 in Maces & Flails
  8855 | D:9      | Reached skill level 5 in Staves
  8855 | D:9      | Reached skill level 5 in Slings
  8855 | D:9      | Reached skill level 5 in Bows
  8855 | D:9      | Reached skill level 5 in Crossbows
  8855 | D:9      | Reached skill level 5 in Throwing
  8855 | D:9      | Reached skill level 5 in Stealth
  8855 | D:9      | Reached skill level 5 in Shields
  8855 | D:9      | Reached skill level 5 in Unarmed Combat
  8855 | D:9      | Reached skill level 5 in Evocations
  9010 | D:9      | Found a shattered altar of Ashenzari.
  9114 | D:9      | Reached skill level 5 in Conjurations
  9114 | D:9      | Reached skill level 5 in Hexes
  9114 | D:9      | Reached skill level 5 in Summonings
  9114 | D:9      | Reached skill level 5 in Necromancy
  9114 | D:9      | Reached skill level 5 in Translocations
  9114 | D:9      | Reached skill level 5 in Transmutations
  9114 | D:9      | Reached skill level 5 in Fire Magic
  9114 | D:9      | Reached skill level 5 in Ice Magic
  9114 | D:9      | Reached skill level 5 in Air Magic
  9114 | D:9      | Reached skill level 5 in Earth Magic
  9114 | D:9      | Reached skill level 5 in Poison Magic
  9114 | D:9      | Reached XP level 11. HP: 86/86 MP: 20/23
  9202 | D:9      | Got a pitted glass ring
  9250 | D:9      | Identified the ring "Moevaixiu" {-Tele +Fly rElec Int+3} (You found it on level 9 of the Dungeon)
  9407 | D:9      | Noticed Pikel
  9414 | D:9      | Killed Pikel
  9495 | D:9      | Found a staircase to the Orcish Mines.
  9785 | D:9      | Found a staircase to the Lair.
  9934 | Lair:1   | Entered Level 1 of the Lair of Beasts
 10579 | Lair:1   | Reached ***** piety under Cheibriados
 10620 | Lair:1   | Reached XP level 12. HP: 62/94 MP: 12/24
 11029 | D:10     | Entered Level 10 of the Dungeon
 11092 | Orc:1    | Entered Level 1 of the Orcish Mines
 11190 | Orc:1    | Noticed a two-headed ogre
 11217 | Orc:1    | Killed a two-headed ogre
 11485 | Orc:1    | Noticed an orc warlord
 11848 | D:10     | Noticed a two-headed ogre
 12729 | Lair:2   | Found a staircase to the Shoals.
 13322 | Lair:3   | Found a staircase to the Snake Pit.
 13448 | Lair:3   | Noticed Urug
 13460 | Lair:3   | Killed Urug
 13680 | Lair:1   | Learned a level 1 spell: Corona
 13684 | Lair:1   | Learned a level 3 spell: Tukima's Dance
 13787 | Lair:3   | Reached XP level 13. HP: 101/101 MP: 26/26
 14235 | Lair:4   | Got a steaming plate armour
 14248 | Lair:4   | Identified the +7 plate armour of Okawaru's Esteem {+Inv rPois rCorr} (You found it on level 4 of the Lair of Beasts)
 14919 | Lair:5   | Reached ****** piety under Cheibriados
 15081 | Lair:5   | Learned a level 4 spell: Animate Dead
 15596 | Lair:6   | Entered Level 6 of the Lair of Beasts
 15896 | Orc:1    | Killed an orc warlord
 16248 | Orc:2    | Entered Level 2 of the Orcish Mines
 16470 | Orc:2    | Noticed Zerd's ghost (journeyman DECj)
 16483 | Orc:2    | Killed Zerd's ghost
 16580 | Orc:2    | Found Eduitil's Gadget Emporium.
 16979 | Orc:2    | Found a staircase to the Elven Halls.
 17031 | Orc:2    | Found a roughly hewn altar of Beogh.
 17329 | Orc:2    | Paralysed by an orc sorcerer for 2 turns
 17335 | Orc:2    | Reached skill level 10 in Spellcasting
 17490 | Orc:2    | Found Pirphaa's Magic Scroll Emporium.
 17490 | Orc:2    | Found Fupeump's Gadget Emporium.
 17491 | Orc:2    | Found Welep's Jewellery Shoppe.
 17494 | Orc:2    | Found Qateg's Magic Scroll Shoppe.
 17501 | Orc:2    | Bought a +6 amulet of reflection for 643 gold pieces
 17502 | Orc:2    | Bought the ring of Petuuwn {Str+3 Int+4 Slay+5} for 674 gold pieces
 17504 | Orc:2    | Bought a scroll of teleportation for 33 gold pieces
 17504 | Orc:2    | Bought a scroll of teleportation for 33 gold pieces
 17504 | Orc:2    | Bought a scroll of teleportation for 33 gold pieces
 17504 | Orc:2    | Bought a scroll of fear for 38 gold pieces
 17505 | Orc:2    | Bought a scroll of teleportation for 45 gold pieces
 17505 | Orc:2    | Bought a scroll of fear for 52 gold pieces
 17531 | Elf:1    | Entered Level 1 of the Elven Halls
 17595 | Elf:1    | Noticed Louise
 18005 | D:10     | Reached XP level 14. HP: 109/109 MP: 17/28
 18157 | D:10     | Found the +9 staff of Olgreb {rPois}
 18159 | D:10     | Found a runed door.
 18164 | D:10     | Found a runed gate.
 18165 | D:10     | Found a runed door.
 18175 | D:10     | Found a runed gate.
 18175 | D:10     | Found a runed gate.
 18373 | D:11     | Found an iron altar of Okawaru.
 18379 | D:11     | Reached skill level 10 in Fighting
 18379 | D:11     | Reached skill level 10 in Polearms
 18379 | D:11     | Reached skill level 10 in Dodging
 18444 | D:11     | Noticed Grum
 18554 | D:10     | Killed Grum
 18631 | D:11     | Learned a level 2 spell: Blink
 18636 | D:11     | Learned a level 4 spell: Passage of Golubria
 19624 | D:12     | Found a sacrificial altar of Ru.
 19731 | D:12     | Noticed Rupert
 19783 | D:12     | Noticed Psyche
 19795 | D:12     | Killed Psyche
 19814 | D:12     | Reached skill level 10 in Invocations
 20552 | Lair:6   | Reached XP level 15. HP: 117/117 MP: 29/29
 20577 | Lair:6   | Reached skill level 10 in Armour
 20739 | Lair:6   | Found a staircase to the Slime Pits.
 20812 | Lair:6   | Found a runed door.
 21219 | Lair:6   | Reached skill level 10 in Charms
 21298 | Lair:6   | Reached skill level 10 in Short Blades
 21298 | Lair:6   | Reached skill level 10 in Long Blades
 21298 | Lair:6   | Reached skill level 10 in Axes
 21298 | Lair:6   | Reached skill level 10 in Maces & Flails
 21298 | Lair:6   | Reached skill level 10 in Staves
 21298 | Lair:6   | Reached skill level 10 in Slings
 21298 | Lair:6   | Reached skill level 10 in Bows
 21298 | Lair:6   | Reached skill level 10 in Crossbows
 21298 | Lair:6   | Reached skill level 10 in Throwing
 21298 | Lair:6   | Reached skill level 10 in Stealth
 21298 | Lair:6   | Reached skill level 10 in Shields
 21298 | Lair:6   | Reached skill level 10 in Unarmed Combat
 21298 | Lair:6   | Reached skill level 10 in Evocations
 21325 | Lair:6   | Learned a level 3 spell: Mephitic Cloud
 22484 | D:13     | Found a gate to the Vaults.
 22838 | D:13     | Got an ancient dagger
 22839 | D:13     | Identified the +12 dagger of Currency {pierce, *Drain rF++} (You found it on level 13 of the Dungeon)
 23174 | D:14     | Reached XP level 16. HP: 92/125 MP: 17/31
 23402 | D:14     | Noticed Sonja
 23406 | D:14     | Cast into level 2 of the Abyss (Sonja)
 23492 | Abyss:2  | Found a shimmering altar of Xom.
 23493 | Abyss:2  | Found a shimmering altar of Xom.
 23493 | Abyss:2  | Found a shimmering altar of Xom.
 23494 | Abyss:2  | Found a corrupted altar of Lugonu.
 23494 | Abyss:2  | Found a shimmering altar of Xom.
 23494 | Abyss:2  | Found a shimmering altar of Xom.
 23495 | Abyss:2  | Found a shimmering altar of Xom.
 23495 | Abyss:2  | Found a shimmering altar of Xom.
 23495 | Abyss:2  | Found a shimmering altar of Xom.
 23495 | Abyss:2  | Found a shimmering altar of Xom.
 23495 | Abyss:2  | Found a shimmering altar of Xom.
 23496 | Abyss:2  | Found a shimmering altar of Xom.
 23497 | Abyss:2  | Found a shimmering altar of Xom.
 23524 | Abyss:2  | Found a corrupted altar of Lugonu.
 23545 | Abyss:2  | Noticed a tentacled starspawn
 23552 | Abyss:2  | Killed a tentacled starspawn
 23674 | Abyss:2  | Noticed a lich
 23685 | Abyss:2  | Killed a lich
 23687 | D:14     | Escaped the Abyss
 23692 | D:13     | Killed Sonja
 24245 | D:15     | Entered Level 15 of the Dungeon
 24406 | D:15     | Found Kohuuxut's Assorted Antiques.
 24454 | D:15     | Bought a fuming green potion for 21 gold pieces
 24978 | D:15     | Found a staircase to the Depths.
 25373 | Lair:1   | Learned a level 6 spell: Deflect Missiles
 25449 | Snake:1  | Entered Level 1 of the Snake Pit
 25455 | Snake:1  | Reached XP level 17. HP: 96/133 MP: 23/33
 26092 | Snake:1  | Found a blossoming altar of Fedhas.
 26842 | Snake:2  | Got a polished falchion {venom}
 26968 | Snake:2  | Identified the +10 falchion "Leaghoes" {venom, Str+6 Int-3} (You took it off a naga warrior on level 2 of the Snake Pit)
 27424 | Snake:3  | Noticed Aizul
 27438 | Snake:3  | Killed Aizul
 27468 | Snake:3  | Noticed Kirke
 27473 | Snake:3  | Noticed a sphinx
 27481 | Snake:3  | Killed Kirke
 27481 | Snake:3  | Reached skill level 10 in Conjurations
 27481 | Snake:3  | Reached skill level 10 in Hexes
 27481 | Snake:3  | Reached skill level 10 in Summonings
 27481 | Snake:3  | Reached skill level 10 in Necromancy
 27481 | Snake:3  | Reached skill level 10 in Translocations
 27481 | Snake:3  | Reached skill level 10 in Transmutations
 27481 | Snake:3  | Reached skill level 10 in Fire Magic
 27481 | Snake:3  | Reached skill level 10 in Ice Magic
 27481 | Snake:3  | Reached skill level 10 in Air Magic
 27481 | Snake:3  | Reached skill level 10 in Earth Magic
 27481 | Snake:3  | Reached skill level 10 in Poison Magic
 27510 | Snake:3  | Noticed Vashnia
 27640 | Snake:3  | Killed Vashnia
 27640 | Snake:3  | Reached XP level 18. HP: 140/141 MP: 34/34
 28344 | Snake:4  | Entered Level 4 of the Snake Pit
 28344 | Snake:4  | Noticed Nikola
 28369 | Snake:3  | Killed Nikola
 29124 | Snake:4  | Learned a level 4 spell: Sticky Flame
 29577 | Snake:4  | Reached XP level 19. HP: 149/149 MP: 23/36
 29614 | Snake:4  | Got a serpentine rune of Zot
 30307 | Shoals:1 | Entered Level 1 of the Shoals
 30755 | Shoals:1 | Found Kepheap's Jewellery Boutique.
 31162 | Shoals:2 | Noticed Roxanne
 31403 | Shoals:2 | Noticed Donald
 31416 | Shoals:1 | Killed Donald
 31961 | Shoals:2 | Killed Roxanne
 31963 | Shoals:2 | Identified Roxanne's Guide on Clay (You took it off Roxanne on level 2 of the Shoals)
 32040 | Shoals:3 | Noticed Polyphemus
 32264 | Shoals:3 | Killed Polyphemus
 32708 | Shoals:4 | Entered Level 4 of the Shoals
 32966 | Shoals:4 | Got a pair of crude gloves
 32967 | Shoals:4 | Identified the +0 pair of gloves of Paranoia {rF+ MR+ Str+4 Dex+4} (You found it on level 4 of the Shoals)
 33209 | Shoals:4 | Reached XP level 20. HP: 152/157 MP: 35/37
 33286 | Shoals:4 | Got a barnacled rune of Zot
 33694 | Lair:1   | Learned a level 4 spell: Summon Ice Beast
 33836 | D:12     | Killed Rupert
 34007 | Vaults:1 | Entered Level 1 of the Vaults
 34465 | Vaults:1 | Noticed Woots's ghost (adept TeAE)
 34478 | Vaults:1 | Killed Woots's ghost
 35705 | Vaults:2 | Found Kulenax's Book Boutique.
 36038 | Vaults:2 | Reached XP level 21. HP: 165/165 MP: 39/39
 36829 | Vaults:3 | Noticed Bai Suzhen
 36835 | Vaults:3 | Noticed Xtahua
 36866 | Vaults:2 | Killed Bai Suzhen
 36983 | Vaults:3 | Killed Xtahua
 37020 | Vaults:3 | Found a staircase to the Crypt.
 37112 | Vaults:3 | Noticed Saint Roka
 37119 | Vaults:3 | Killed Saint Roka
 37366 | Vaults:3 | Noticed DunwichHorror's illusion
 37366 | Vaults:3 | Noticed Mara
 37398 | Vaults:3 | Noticed DunwichHorror's illusion
 37573 | Vaults:3 | Killed Mara
 37660 | Vaults:3 | Reached skill level 15 in Invocations
 37747 | Vaults:3 | Found Fyez's Armour Shop.
 37755 | Vaults:3 | Bought the +2 hat "Reukh" {Int+4 Dex-2} for 579 gold pieces
 39097 | Vaults:4 | Reached XP level 22. HP: 169/173 MP: 37/40
 39444 | Vaults:4 | Noticed Frederick
 39464 | Vaults:4 | Killed Frederick
 39575 | Vaults:4 | Reached skill level 15 in Spellcasting
 40656 | Elf:1    | Killed Louise
 40658 | Elf:1    | Got a steaming large shield
 40659 | Elf:1    | Identified the cursed +0 large shield "Trusted Companion" {MR+} (You took it off Louise on level 1 of the Elven Halls)
 40723 | Elf:1    | Reached skill level 15 in Fighting
 40723 | Elf:1    | Reached skill level 15 in Polearms
 40723 | Elf:1    | Reached skill level 15 in Dodging
 40828 | Elf:1    | Identified the Almanac of Damage Dealing
 41096 | Elf:1    | Noticed Frances
 41104 | Elf:1    | Killed Frances
 41236 | Elf:2    | Found Qanefiotra's Distillery.
 41331 | Elf:2    | Bought a potion of heal wounds for 75 gold pieces
 41428 | Elf:2    | Found a radiant altar of Vehumet.
 41654 | Elf:2    | Found a runed gate.
 41654 | Elf:2    | Found a runed gate.
 41654 | Elf:2    | Found a runed gate.
 42275 | Elf:3    | Entered Level 3 of the Elven Halls
 42393 | Elf:3    | Noticed benacre's ghost (veteran HOFi)
 42406 | Elf:3    | Killed benacre's ghost
 42406 | Elf:3    | Reached XP level 23. HP: 181/181 MP: 30/42
 43222 | Elf:3    | Reached skill level 15 in Armour
 43444 | Elf:3    | Got a glittering glass ring
 43445 | Elf:3    | Identified the ring "Suogarch" {rElec rC+ rN+ Str+3 Dex-5} (You found it on level 3 of the Elven Halls)
 43478 | Elf:3    | Found the brooch of Shielding {Reflect SH+8}
 43523 | Elf:3    | Identified the Volume of the Voyage
 43547 | Elf:3    | Learned a level 1 spell: Apportation
 43551 | Elf:3    | Got a steaming wooden ring
 43552 | Elf:3    | Identified the ring of Alucuc {rN+ Str+4 Int+5 Stlth-} (You found it on level 3 of the Elven Halls)
 43555 | Elf:3    | Identified Lee's Disquisition on Earth
 43560 | Elf:3    | Identified Sif Muna's Collected Works on Confrontation
 43878 | D:13     | Learned a level 6 spell: Simulacrum
 43956 | Depths:1 | Entered Level 1 of the Depths
 44188 | Depths:1 | Noticed Asterion
 44203 | Depths:1 | Killed Asterion
 44203 | Depths:1 | Reached skill level 15 in Short Blades
 44203 | Depths:1 | Reached skill level 15 in Long Blades
 44203 | Depths:1 | Reached skill level 15 in Axes
 44203 | Depths:1 | Reached skill level 15 in Maces & Flails
 44203 | Depths:1 | Reached skill level 15 in Staves
 44203 | Depths:1 | Reached skill level 15 in Slings
 44203 | Depths:1 | Reached skill level 15 in Bows
 44203 | Depths:1 | Reached skill level 15 in Crossbows
 44203 | Depths:1 | Reached skill level 15 in Throwing
 44203 | Depths:1 | Reached skill level 15 in Stealth
 44203 | Depths:1 | Reached skill level 15 in Shields
 44203 | Depths:1 | Reached skill level 15 in Unarmed Combat
 44203 | Depths:1 | Reached skill level 15 in Evocations
 44288 | Depths:1 | Found a gateway to Hell.
 44454 | Depths:1 | Found a one-way gate to the infinite horrors of the Abyss.
 45596 | Depths:2 | Reached XP level 24. HP: 184/190 MP: 40/42
 46060 | D:13     | Learned a level 7 spell: Ring of Flames
 46832 | Depths:2 | Got a slimy golden ring
 46833 | Depths:2 | Identified the ring "Reutt" {rF+ Str+4} (You found it on level 2 of the Depths)
 47378 | Depths:2 | Paralysed by a floating eye for 2 turns
 47538 | Depths:2 | Paralysed by a floating eye for 3 turns
 47554 | Depths:2 | Identified the Volume of Burning Unholy Arts
 47800 | Depths:3 | Identified the Catalogue of Boosting Transmutation
 47812 | Depths:3 | Found a gateway to a ziggurat.
 48039 | Depths:3 | Found a one-way gate leading to the halls of Pandemonium.
 48203 | Depths:3 | Noticed a caustic shrike
 48204 | Depths:3 | Noticed a caustic shrike
 48205 | Depths:3 | Noticed a caustic shrike
 48214 | Depths:3 | Killed a caustic shrike
 48216 | Depths:3 | Noticed Sojobo
 48227 | Depths:3 | Killed a caustic shrike
 48234 | Depths:3 | Killed a caustic shrike
 48248 | Depths:3 | Killed Sojobo
 48376 | Depths:3 | Found Zusk's Distillery.
 48378 | Depths:3 | Found Lupihage's Book Shop.
 48378 | Depths:3 | Found Monkoabb's Distillery.
 48381 | Depths:3 | Found Sauffexe's Food Boutique.
 48383 | Depths:3 | Bought a potion of heal wounds for 75 gold pieces
 48392 | Depths:3 | Bought a potion of resistance for 230 gold pieces
 48398 | Depths:3 | Bought a book of Beasts for 880 gold pieces
 48637 | Depths:3 | Noticed a juggernaut
 48891 | Orc:2    | Bought a scroll of amnesia for 52 gold pieces
 48891 | Orc:2    | Bought a scroll of holy word for 112 gold pieces
 48891 | Orc:2    | Bought a scroll of amnesia for 52 gold pieces
 48894 | Orc:2    | Bought a scroll of enchant weapon for 82 gold pieces
 48894 | Orc:2    | Bought a scroll of enchant armour for 82 gold pieces
 49111 | D:15     | Learned a level 5 spell: Summon Mana Viper
 49114 | D:15     | Learned a level 2 spell: Corpse Rot
 49191 | Depths:3 | Killed a juggernaut
 49315 | Depths:3 | Got a shimmering ruby amulet
 49367 | Depths:3 | Got a twisted chain mail
 49368 | Depths:3 | Identified the +1 chain mail "Moeduunip" {Dex+4} (You found it on level 3 of the Depths)
 49763 | Depths:3 | Identified the amulet "Ipashiph" {rElec Regen+ Int-2 Dex-2 SInv} (You found it on level 3 of the Depths)
 49912 | Depths:4 | Found a shattered altar of Ashenzari.
 49989 | Depths:4 | Reached XP level 25. HP: 197/197 MP: 33/43
 50027 | Depths:4 | Got a faintly glowing long sword
 50028 | Depths:4 | Identified the +9 long sword "Lifebane" {antimagic, rF+ Dex+4} (You found it on level 4 of the Depths)
 51123 | Depths:4 | Got a faintly humming cloak
 51124 | Depths:4 | Identified the +1 cloak "Xepeasycw" {rPois Dex+5 Stlth-} (You found it on level 4 of the Depths)
 51191 | Depths:4 | Found Lygy's Book Emporium.
 51191 | Depths:4 | Found Muebae Jejo's Book Shop.
 51191 | Depths:4 | Found Cuynej's Gadget Boutique.
 51191 | Depths:4 | Found Editioxi's Magic Scroll Emporium.
 51208 | Depths:4 | Bought a scroll of identify for 20 gold pieces
 51208 | Depths:4 | Bought a scroll of fog for 20 gold pieces
 51208 | Depths:4 | Bought a scroll of fog for 20 gold pieces
 51208 | Depths:4 | Bought a scroll of fog for 20 gold pieces
 51208 | Depths:4 | Bought a scroll of teleportation for 30 gold pieces
 51208 | Depths:4 | Bought a scroll of fear for 35 gold pieces
 51208 | Depths:4 | Bought a scroll of teleportation for 30 gold pieces
 51224 | Depths:4 | Bought a sack of spiders for 280 gold pieces
 51727 | Depths:5 | Entered Level 5 of the Depths
 51732 | Depths:5 | Paralysed by a floating eye for 4 turns
 51980 | Depths:5 | Reached XP level 26. HP: 123/207 MP: 27/43
 52165 | Depths:5 | Reached skill level 15 in Charms
 52335 | Depths:5 | Found a gate to the Realm of Zot.
 52648 | Depths:5 | Found Watri Wiac's Magic Scroll Shoppe.
 52656 | Depths:5 | Bought a scroll of teleportation for 51 gold pieces
 52848 | Depths:5 | Bought a scroll of summoning for 161 gold pieces
 52924 | Hell     | Entered the Vestibule of Hell
 52924 | Hell     | Noticed Geryon
 53459 | Hell     | Killed Geryon
 53589 | Hell     | Found a gateway to the freezing wastes of Cocytus.
 53821 | Hell     | Found a gateway to the decaying netherworld of Tartarus.
 53889 | Hell     | Found a gateway to the Iron City of Dis.
 54002 | Hell     | Found a gateway to the ashen valley of Gehenna.
 54478 | Crypt:1  | Entered Level 1 of the Crypt
 54511 | Crypt:1  | Noticed Jory
 54536 | Crypt:1  | Killed Jory
 55141 | Crypt:1  | Reached XP level 27. HP: 215/215 MP: 44/44
 55859 | D:13     | Learned a level 7 spell: Haunt
 55950 | Vaults:5 | Entered Level 5 of the Vaults
 55953 | Vaults:5 | Noticed an ancient lich
 56413 | Vaults:5 | Got a pitted golden ring
 56510 | Vaults:5 | Identified the ring "Mejamawn" {rElec rF+ Str+3 Int+2} (You took it off a tengu reaver on level 5 of the Vaults)
 56529 | Vaults:5 | Reached skill level 15 in Conjurations
 56529 | Vaults:5 | Reached skill level 15 in Hexes
 56529 | Vaults:5 | Reached skill level 15 in Summonings
 56529 | Vaults:5 | Reached skill level 15 in Necromancy
 56529 | Vaults:5 | Reached skill level 15 in Translocations
 56529 | Vaults:5 | Reached skill level 15 in Transmutations
 56529 | Vaults:5 | Reached skill level 15 in Fire Magic
 56529 | Vaults:5 | Reached skill level 15 in Ice Magic
 56529 | Vaults:5 | Reached skill level 15 in Air Magic
 56529 | Vaults:5 | Reached skill level 15 in Earth Magic
 56529 | Vaults:5 | Reached skill level 15 in Poison Magic
 56823 | Vaults:5 | Killed an ancient lich
 56880 | Vaults:5 | Noticed an ancient lich
 56885 | Vaults:5 | Killed an ancient lich
 57274 | Vaults:5 | Got a coiled glass ring
 57277 | Vaults:5 | Got a silver rune of Zot
 57282 | Vaults:5 | Identified the ring of Etty {Fire rElec MP+9 Dex+4} (You took it off a yaktaur captain on level 5 of the Vaults)
 57287 | Vaults:5 | Got a shimmering platinum ring
 57288 | Vaults:5 | Identified the ring "Tazxudaf" {AC+3 Dex+7} (You found it on level 5 of the Vaults)
 57874 | D:13     | Learned a level 4 spell: Summon Lightning Spire
 58106 | Zot:1    | Entered Level 1 of the Realm of Zot
 60805 | D:15     | Learned a level 1 spell: Summon Butterflies
 64297 | Zot:5    | Entered Level 5 of the Realm of Zot
 64920 | Zot:5    | Noticed an ancient lich
 64929 | Zot:5    | Killed an ancient lich
 64931 | Zot:5    | Noticed an orb of fire
 64945 | Zot:5    | Killed an orb of fire
 64947 | Zot:5    | Noticed an orb of fire
 64949 | Zot:5    | Noticed an orb of fire
 64955 | Zot:5    | Killed an orb of fire
 64960 | Zot:5    | Killed an orb of fire
 65204 | Zot:5    | Noticed an ancient lich
 65212 | Zot:5    | Killed an ancient lich
 65259 | Zot:5    | Noticed an orb of fire
 65259 | Zot:5    | Gained mutation: You are frail. (-10% HP) [an orb of fire]
 65267 | Zot:5    | Gained mutation: You are clumsy. (Dex -2) [an orb of fire]
 65268 | Zot:5    | Noticed an orb of fire
 65274 | Zot:5    | Noticed an orb of fire
 65274 | Zot:5    | Noticed an ancient lich
 65274 | Zot:5    | Killed an orb of fire
 65275 | Zot:5    | Gained mutation: Scrolls take you a little longer to read. [an orb of fire]
 65726 | Zot:5    | Killed an ancient lich
 65844 | Zot:5    | Gained mutation: You are weak. (Str -2) [an orb of fire]
 65845 | Zot:5    | Gained mutation: Your mind is acute. (Int +2) [an orb of fire]
 65848 | Zot:5    | Gained mutation: Armour fits poorly on your strangely shaped body. [an orb of fire]
 65854 | Zot:5    | Killed an orb of fire
 65857 | Zot:5    | Noticed an orb of fire
 65866 | Zot:5    | Gained mutation: Your magical capacity is low. (-10% MP) [an orb of fire]
 65952 | Zot:5    | Noticed an ancient lich
 65956 | Zot:5    | Killed an ancient lich
 65989 | Zot:5    | Noticed an orb of fire
 66000 | Zot:5    | Killed an orb of fire
 66100 | Zot:5    | Noticed an orb of fire
 66110 | Zot:5    | Killed an orb of fire
 66115 | Zot:5    | Lost mutation: Your magical capacity is low. (-10% MP) [potion of mutation]
 66115 | Zot:5    | Lost mutation: Your mind is acute. (Int +2) [potion of mutation]
 66115 | Zot:5    | Lost mutation: You are clumsy. (Dex -2) [potion of mutation]
 66115 | Zot:5    | Lost mutation: Scrolls take you a little longer to read. [potion of mutation]
 66115 | Zot:5    | Gained mutation: You are partially covered in yellow scales. (AC +2) [potion of mutation]
 66115 | Zot:5    | Gained mutation: You can translocate small distances at will. [potion of mutation]
 66115 | Zot:5    | Gained mutation: You are partially covered in molten scales. (AC +2) [potion of mutation]
 66116 | Zot:5    | Lost mutation: You are frail. (-10% HP) [potion of mutation]
 66116 | Zot:5    | Lost mutation: You are weak. (Str -2) [potion of mutation]
 66116 | Zot:5    | Lost mutation: Armour fits poorly on your strangely shaped body. [potion of mutation]
 66116 | Zot:5    | Gained mutation: Your spells are a little harder to cast, but a little more powerful. [potion of mutation]
 66116 | Zot:5    | Gained mutation: Your flesh is cold resistant. (rC+) [potion of mutation]
 66302 | Zot:5    | Noticed an orb of fire
 66303 | Zot:5    | Gained mutation: You do not regenerate when monsters are visible. [an orb of fire]
 66323 | Zot:5    | Killed an orb of fire
 66429 | Zot:5    | Killed an orb of fire
 66735 | Zot:5    | Noticed an ancient lich
 66742 | Zot:5    | Killed an ancient lich
 67219 | Zot:5    | Gained mutation: Your body sometimes deteriorates upon taking damage. [an orb of fire]
 67224 | Zot:5    | Killed an orb of fire
 67292 | Zot:5    | Got the Orb of Zot
 67344 | Zot:2    | Noticed Yptats the pandemonium lord
 67432 | Depths:5 | Noticed Uracrufo the pandemonium lord
 67453 | Depths:5 | Killed Uracrufo the pandemonium lord
 67622 | Depths:2 | Noticed Femann the pandemonium lord
 67640 | Depths:2 | Killed Femann the pandemonium lord
 67656 | Depths:2 | Noticed Ejoijerite the pandemonium lord
 67660 | Depths:2 | Gained mutation: Your body often deteriorates upon taking damage. [a shining eye]
 67661 | Depths:2 | Gained mutation: Armour fits poorly on your strangely shaped body. [a shining eye]
 67663 | Depths:2 | Lost mutation: You can translocate small distances at will. [a shining eye]
 67665 | Depths:2 | Gained mutation: You are clumsy. (Dex -2) [a shining eye]
 67671 | Depths:2 | Killed Ejoijerite the pandemonium lord
 68101 | D:7      | Noticed Qakunn the pandemonium lord
 68106 | D:7      | Killed Qakunn the pandemonium lord
 68349 | D:1      | Noticed Okoedy the pandemonium lord
 68360 | D:1      | Killed Okoedy the pandemonium lord
 68391 | D:1      | Noticed Apeih the pandemonium lord
 68392 | D:$      | Escaped with the Orb!

Skill      XL: |  1  2  3  4  5  6  7  8  9 10 11 12 13 14 15 16 17 18 19 20 21 22 23 24 25 26 27 |
---------------+----------------------------------------------------------------------------------+-----
Spellcasting   | 5 6 8 9 10 11 12 13 14 15 16 17 19 | 19.8
Invocations    | 1 2 3 4 5 6 7 8 9 10 11 12 13 14 15 16 17 18 20 | 20.8
Short Blades   | 1 2 3 4 6 7 8 9 10 11 12 13 14 15 16 17 19 | 19.3
Long Blades    | 1 2 3 4 6 7 8 9 10 11 12 13 14 15 16 17 19 | 19.3
Axes           | 1 2 3 4 6 7 8 9 10 11 12 13 14 15 16 17 18 22 | 22.3
Maces & Flails | 1 2 3 4 6 7 8 9 10 11 12 13 14 15 16 17 19 | 19.3
Staves         | 1 2 3 4 6 7 8 9 10 11 12 13 14 15 16 17 19 | 19.3
Slings         | 1 2 3 4 6 7 8 9 10 11 12 13 14 15 16 17 19 | 19.3
Bows           | 1 2 3 4 6 7 8 9 10 11 12 13 14 15 16 17 19 | 19.3
Crossbows      | 1 2 3 4 6 7 8 9 10 11 12 13 14 15 16 17 19 | 19.3
Throwing       | 1 2 3 4 6 7 8 9 10 11 12 13 14 15 16 17 19 | 19.3
Stealth        | 1 2 3 4 6 7 8 9 10 11 12 13 14 15 16 17 19 | 19.3
Shields        | 1 2 3 4 6 7 8 9 10 11 12 13 14 15 16 17 19 | 19.3
Unarmed Combat | 1 2 3 4 6 7 8 9 10 11 12 13 14 15 16 17 19 | 19.3
Evocations     | 1 2 3 4 6 7 8 9 10 11 12 13 14 15 16 17 19 | 19.3
Conjurations   | 1 2 3 5 6 7 8 9 10 11 12 13 14 16 | 16.7
Hexes          | 1 2 3 5 6 7 8 9 10 11 12 13 14 16 | 16.7
Summonings     | 1 2 3 5 6 7 8 9 10 11 12 13 14 16 | 16.7
Necromancy     | 1 2 3 5 6 7 8 9 10 11 12 13 14 16 | 16.7
Translocations | 1 2 3 5 6 7 8 9 10 11 12 13 14 16 | 16.7
Transmutations | 1 2 3 5 6 7 8 9 10 11 12 13 14 16 | 16.7
Fire Magic     | 1 2 3 5 6 7 8 9 10 11 12 13 14 16 | 16.7
Ice Magic      | 1 2 3 5 6 7 8 9 10 11 12 13 14 16 | 16.7
Air Magic      | 1 2 3 5 6 7 8 9 10 11 12 13 14 16 | 16.7
Earth Magic    | 1 2 3 5 6 7 8 9 10 11 12 13 14 16 | 16.7
Poison Magic   | 1 2 3 5 6 7 8 9 10 11 12 13 14 16 | 16.7
Armour         | 3 4 5 6 7 8 9 10 11 12 13 14 15 16 17 18 22 | 22.4
Fighting       | 5 6 7 8 9 10 11 12 13 14 15 16 17 19 | 19.7
Polearms       | 5 6 7 8 9 10 11 12 13 14 15 16 17 19 | 19.7
Dodging        | 5 6 7 8 9 10 11 12 13 14 15 16 17 19 | 19.7
Charms         | 6 7 8 9 10 11 12 13 14 15 17 | 17.4

Action                   |  1- 3 |  4- 6 |  7- 9 | 10-12 | 13-15 | 16-18 | 19-21 | 22-24 | 25-27 || total
-------------------------+-------+-------+-------+-------+-------+-------+-------+-------+-------++-------
Melee: Spear             |    96 |       |       |       |       |       |       |       |       ||    96
       Bite              |    12 |    13 |    56 |    81 |   137 |   151 |   177 |   199 |   427 ||  1253
       Trident           |    35 |   153 |   400 |   439 |       |       |       |       |       ||  1027
       Punch             |       |       |     9 |    12 |     9 |       |       |       |       ||    30
       Demon trident     |       |       |       |    12 |   858 |   882 |  1219 |  1169 |  1999 ||  6139
       Broad axe         |       |       |       |       |       |       |       |       |   289 ||   289
Throw: Tomahawk          |       |       |     7 |     1 |    18 |     8 |    29 |       |       ||    63
       Javelin           |       |       |       |       |       |       |     8 |    21 |    87 ||   116
 Cast: Infusion          |     4 |     1 |       |       |       |       |       |       |       ||     5
       Spectral Weapon   |       |    10 |    30 |    50 |    73 |    54 |    38 |    29 |    44 ||   328
       Shroud of Golubri |       |     1 |    11 |    18 |    26 |    29 |    24 |    22 |    31 ||   162
       Regeneration      |       |       |    14 |    27 |    31 |    38 |    30 |    38 |    67 ||   245
       Ensorcelled Hiber |       |       |     1 |       |       |       |       |       |       ||     1
       Song of Slaying   |       |       |       |     3 |     7 |     7 |     9 |     8 |     9 ||    43
       Confuse           |       |       |       |     1 |     4 |     2 |       |       |       ||     7
       Animate Dead      |       |       |       |       |    74 |    60 |    74 |    33 |       ||   241
       Tukima's Dance    |       |       |       |       |     7 |     2 |     4 |       |     1 ||    14
       Corona            |       |       |       |       |     2 |     3 |     3 |     5 |       ||    13
       Deflect Missiles  |       |       |       |       |       |     4 |     3 |     5 |     1 ||    13
       Passage of Golubr |       |       |       |       |       |       |     3 |     1 |     2 ||     6
       Summon Ice Beast  |       |       |       |       |       |       |    39 |    32 |       ||    71
       Sticky Flame      |       |       |       |       |       |       |     3 |       |     6 ||     9
       Mephitic Cloud    |       |       |       |       |       |       |     1 |     6 |     2 ||     9
       Simulacrum        |       |       |       |       |       |       |       |    19 |       ||    19
       Summon Mana Viper |       |       |       |       |       |       |       |     6 |    55 ||    61
       Ring of Flames    |       |       |       |       |       |       |       |     3 |    14 ||    17
       Corpse Rot        |       |       |       |       |       |       |       |       |     2 ||     2
       Haunt             |       |       |       |       |       |       |       |       |   138 ||   138
       Summon Lightning  |       |       |       |       |       |       |       |       |     5 ||     5
Invok: Slouch            |       |       |       |     3 |       |       |     1 |     5 |     7 ||    16
       Bend Time         |       |       |       |     5 |     6 |     7 |     1 |       |       ||    19
 Abil: Evoke Flight      |       |       |       |       |       |       |     5 |     5 |       ||    10
Evoke: Wand              |       |       |       |     1 |     2 |     4 |    15 |    18 |    17 ||    57
       Phantom mirror    |       |       |       |       |       |       |       |     1 |       ||     1
  Use: Scroll            |       |       |    17 |    15 |    14 |     4 |     6 |    12 |    41 ||   109
       Potion            |       |       |       |     3 |     1 |     2 |       |     1 |    14 ||    21
 Stab: Sleeping          |     1 |     2 |     8 |     3 |       |     3 |     3 |    13 |     9 ||    42
       Distracted        |       |     2 |     6 |     4 |    23 |    25 |    48 |    21 |    59 ||   188
       Invisible         |       |       |       |     9 |       |       |       |       |       ||     9
       Confused          |       |       |       |       |       |     2 |     1 |    12 |     4 ||    19
  Eat: Chunk             |     3 |     6 |    13 |     7 |    13 |     7 |    12 |    10 |    13 ||    84
       Ration            |       |       |       |     1 |     2 |     3 |     3 |     4 |     9 ||    22
Armor: Leather armour    |     7 |       |       |       |       |       |       |       |       ||     7
       Ring mail         |    15 |    41 |    87 |    15 |       |       |       |       |       ||   158
       Plate armour      |       |       |       |   122 |   270 |   175 |   192 |   151 |   268 ||  1178
       Gold dragon scale |       |       |       |       |       |       |       |       |   122 ||   122
Dodge: Dodged            |    62 |    98 |   237 |   265 |   437 |   269 |   369 |   318 |   933 ||  2988
       Deflected         |       |       |       |       |       |    37 |    41 |    35 |    75 ||   188
Block: Other             |       |       |       |       |     4 |       |       |       |       ||     4
       Buckler           |       |       |       |       |   326 |   187 |       |       |       ||   513
       Reflection        |       |       |       |       |    18 |   120 |   161 |    63 |    59 ||   421
       Shield            |       |       |       |       |       |   398 |   901 |   777 |  1647 ||  3723
